 Dungeon Crawl Stone Soup version 0.29-a0-925-g0a7a3d12f8 (webtiles) character file.

Game seed: 12955872931934478919

102 greasedhog the Sneak (level 4, 0/26 HPs)
             Began as a Gargoyle Brigand on July 28, 2022.
             Killed from afar by a white imp (8 damage)
             ... with a puff of frost
             ... summoned by Natasha
             ... on level 2 of the Dungeon.
             The game lasted 00:02:19 (1603 turns).

greasedhog the Sneak (Gargoyle Brigand)             Turns: 1603, Time: 00:02:20

Health: 0/26       AC:  6    Str: 14    XL:     4   Next: 78%
Magic:  4/4        EV: 11    Int: 12    God:
Gold:   108        SH:  0    Dex: 13    Spells: 3/3 levels left

rFire   . . .      SeeInvis .   a - +3 dagger
rCold   . . .      Faith    .   (no shield)
rNeg    + . .      Spirit   .   b - +0 robe
rPois   ∞          Reflect  .   (no helmet)
rElec   +          Harm     .   c - +0 cloak
rCorr   .          Rampage  .   (no gloves)
Will    .....                   (no boots)
Stlth   +++.......              (no amulet)
HPRegen 0.08/turn               (no ring)
MPRegen 0.09/turn               (no ring)

@: no status effects
A: sickness immunity, AC +3, negative energy resistance 1, electricity
resistance, torment resistance 1, petrification resistance
a: no special abilities


You were on level 2 of the Dungeon.
You visited 1 branch of the dungeon, and saw 2 of its levels.

You collected 108 gold pieces.

Inventory:

Hand Weapons
 a - a +3 dagger (weapon)
Missiles
 d - 8 poisoned darts (quivered)
Armour
 b - a +0 robe (worn)
 c - a +0 cloak (worn)
Scrolls
 f - 2 scrolls of identify
 g - a scroll of enchant weapon
 i - a scroll of fear {unknown}
 j - a scroll of vulnerability {unknown}
 k - a scroll of immolation {unknown}
 l - a scroll of poison {unknown}
 m - a scroll of teleportation {unknown}
Potions
 h - a potion of invisibility
 n - a potion of attraction {unknown}
 o - a potion of haste {unknown}


   Skills:
 - Level 2.1 Fighting
 * Level 3.3 Short Blades
 - Level 1.7 Throwing
 - Level 0.7 Dodging
 * Level 5.8 Stealth


You had 3 spell levels left.
You didn't know any spells.
Your spell library contained the following spells:

 Spells                   Type           Power      Damage    Failure   Level
 Beastly Appendage        Tmut           0%         N/A       32%         1
 Wereblood                Tmut           0%         N/A       45%         2
 Spider Form              Tmut/Pois      0%         N/A       69%         3


Dungeon Overview and Level Annotations

Branches:
Dungeon (2/15)

Altars:

Annotations:
D:2 Natasha


Innate Abilities, Weirdness & Mutations

You are immune to sickness and miasma.
Your stone body is resilient. (AC +3)
You are immune to poison.
You resist negative energy. (rN+)
You are resistant to electric shocks. (rElec)
You are resistant to unholy torment.
You are immune to petrification.


Message History

Press: ? - help, Q - select action, (/) - cycle Shift-Dir - straight line, f/p - Natasha
Aim: Natasha (50% to hit)
You throw a curare-tipped dart.
The curare-tipped dart closely misses Natasha.
Natasha closely misses you. The kobold hits you but does no damage.
Throw: dart (curare)
Press: ? - help, Q - select action, (/) - cycle Shift-Dir - straight line, f/p - Natasha
Aim: Natasha (50% to hit)
You throw a curare-tipped dart.
The curare-tipped dart closely misses Natasha.
The white imp barely misses you.
Natasha stares at you and mumbles some strange words.
You resist with some effort.
The kobold hits you with a +0 short sword.
Throw: 9 darts (poison)
Press: ? - help, Q - select action Shift-Dir - straight line, f/p - Natasha
Aim: Natasha (50% to hit)
You throw a poisoned dart. The poisoned dart hits Natasha.
Natasha is poisoned.
The white imp closely misses you. Natasha closely misses you.
Unknown command.
You hit Natasha.
Natasha is lightly wounded.
The kobold barely misses you.
The white imp hits you but does no damage.
You barely miss Natasha.
Natasha is lightly wounded.
Natasha claws you. The kobold hits you but does no damage.
The white imp closely misses you.
You closely miss Natasha.
Natasha is lightly wounded.
Natasha claws you but does no damage.
The kobold hits you with a +0 short sword.
The white imp hits you but does no damage.
You hit Natasha.
Natasha is moderately wounded.
Natasha casts a spell at you. The magic dart hits you.
The kobold closely misses you. The white imp gestures at you.
The puff of frost hits you!
You die...

####...#....†.##..#..
##.##......##.....
#<#####.#.###.... #.#
###.# #.... ##'##
#.###.... ##...##
#........ ##.....##
######.## ##..5....##
##.##.#
#...@.....####...#.##
.>.'..Kh.....'..........
.###.........####...#.##
##.......## ##.#...#
##.....## ##...#.
##(..## #..#.# ##+##
#.#.## #.# #.### #.# #.#


You could see Natasha (poisoned), a white imp (summoned) and a kobold.

Vanquished Creatures
  Jessica (D:2)
  Natasha (D:2)
  An adder (D:2)
  A worm (D:2)
  A dart slug (D:2)
  4 endoplasms (D:1)
  2 giant cockroaches (D:1)
  2 hobgoblins (D:1)
  6 jackals
  A quokka (D:2)
  5 ball pythons (D:1)
  2 bats (D:1)
  A frilled lizard (D:1)
  5 goblins
  A kobold (D:1)
  3 rats (D:1)
37 creatures vanquished.

Notes
Turn   | Place    | Note
-------+----------+-------------------------------------------
     0 | D:1      | greasedhog the Gargoyle Brigand began the quest for the
                  | Orb.
     0 | D:1      | Reached XP level 1. HP: 12/12 MP: 1/1
   230 | D:1      | Found a faded altar of an unknown god.
   235 | D:1      | Reached XP level 2. HP: 17/17 MP: 2/2
   581 | D:1      | Reached skill level 5 in Stealth
   581 | D:1      | Reached XP level 3. HP: 14/21 MP: 3/3
  1082 | D:2      | Noticed Natasha
  1101 | D:2      | Killed Natasha
  1102 | D:2      | Reached XP level 4. HP: 18/26 MP: 4/4
  1426 | D:2      | Noticed Jessica
  1430 | D:2      | Killed Jessica
  1592 | D:2      | Noticed Natasha
  1603 | D:2      | Killed from afar by a white imp

Illustrated notes

Levels and vault maps discovered:
D:1:      saegor_arrival_miasma, layout_rooms, basic_ecumenical_altar
D:2:      layout_loops_corners, uniq_jessica, uniq_natasha

Skill      XL: |  1  2  3  4 |
---------------+-------------+-----
Short Blades   | 2 3 |  3.3
Stealth        | 5 |  5.8
Fighting       | |  2.1
Throwing       | |  1.7
Dodging        | |  0.7

Action                   |  1- 3 |  4- 6 || total
-------------------------+-------+-------++-------
Melee: Dagger            |    90 |    18 ||   108
       Punch             |     2 |     1 ||     3
Throw: Dart              |     2 |     5 ||     7
  Use: Scroll            |     1 |       ||     1
 Stab: Sleeping          |     6 |     2 ||     8
Armor: Robe              |    36 |     8 ||    44
Dodge: Dodged            |    45 |     9 ||    54

Table legend: (Time is in decaauts)
 A = Elapsed time spent in this place.
 B = Non-inter-level travel time spent in this place.
 C = Inter-level travel time spent in this place.
 D = Time resting spent in this place.
 E = Time spent auto-exploring this place.
 F = Levels seen in this place.
 G = Mean time per level.
                   A        B        C        D        E       F      G
               +--------+--------+--------+--------+--------+-----+--------+
         Total |   1600 |   1577 |     23 |    283 |   1027 |   2 |  800.0 |
       Dungeon |   1600 |   1577 |     23 |    283 |   1027 |   2 |  800.0 |
               +--------+--------+--------+--------+--------+-----+--------+

Top non-repeatable levels by time:
     D:1: 940 daAuts
     D:2: 660 daAuts
